 Dungeon Crawl Stone Soup version 0.20.1-1-g8b1a95d (webtiles) character file.

2569 egogrande the Cruncher (level 9, -1/60 HPs)
             Began as an Octopode Gladiator on July 13, 2017.
             Was an Initiate of Gozag.
             Slain by a wraith (7 damage)
             ... on level 7 of the Dungeon.
             The game lasted 00:12:48 (8192 turns).

egogrande the Cruncher (Octopode Gladiator)         Turns: 8192, Time: 00:12:50

Health: -1/60      AC:  2    Str: 18    XL:     9   Next: 57%
Magic:  9/9        EV: 19    Int: 10    God:    Gozag
Gold:   229        SH:  0    Dex: 19    Spells: 8/8 levels left

rFire    . . .     SeeInvis .   q - +3 quarterstaff (chaos)
rCold    . . .     Gourm    .   (shield currently unavailable)
rNeg     + . .     Faith    .   s - +1 hat
rPois    .         Spirit   .   (no amulet)
rElec    .         Reflect  .   e - +2 ring of dexterity
rCorr    .         Harm     .   r - +1 ring of slaying
MR       .....                  B - ring of Free Will {rN+ Slay+2}
Stlth    ++++......             (no ring)
Regen    0.2/turn               (no ring)
MPRegen  0.2/turn               (no ring)
                                (no ring)
                                (no ring)

@: mighty, slowed, very slow
A: almost no armour, stealthy swim, amphibious, 8 rings, constrict 8, camouflage
1, gelatinous body 1
a: Potion Petition, Call Merchant, Bribe Branch, Renounce Religion


You were on level 7 of the Dungeon.
You worshipped Gozag.
Gozag was aware of your devotion.
You were not hungry.

You visited 2 branches of the dungeon, and saw 8 of its levels.

You collected 839 gold pieces.
You spent 556 gold pieces at shops.
You paid 54 gold pieces to Gozag.

Inventory:

Hand Weapons
 a - a +0 quarterstaff
 q - a +3 quarterstaff of chaos (weapon)
Missiles
 c - 2 throwing nets (quivered)
 k - 248 stones
Armour
 b - a +0 hat
 s - a +1 hat (worn)
Jewellery
 e - a +2 ring of dexterity (left tentacle)
 r - a +1 ring of slaying (right tentacle)
 B - the ring of Free Will (on tentacle) {rN+ Slay+2}
   (You bought it in a shop on level 4 of the Dungeon)

   [ring of positive energy]

   It affects your accuracy and damage with ranged weapons and melee attacks
   (+2).
   It protects you from negative energy.
Wands
 u - a wand of acid (5/15)
Scrolls
 d - a scroll of vulnerability {unknown}
 h - 2 scrolls of magic mapping {unknown}
 j - 2 scrolls of immolation
 n - 3 scrolls of remove curse {unknown}
 o - 4 scrolls of teleportation
 v - a scroll of amnesia {unknown}
 y - a scroll of enchant weapon {unknown}
 A - a scroll of blinking {unknown}
 C - a scroll of fog {unknown}
Potions
 f - a potion of cancellation
 g - 2 potions of brilliance
 i - 4 potions of lignification
 p - a potion of mutation {unknown}
 w - a potion of flight {unknown}
 z - 2 potions of might
Books
 x - a book of Callings

   Spells                             Type                      Level
   a - Summon Small Mammal            Summoning                    1
   b - Call Imp                       Summoning                    2
   c - Call Canine Familiar           Summoning                    3
   d - Summon Guardian Golem          Hexes/Summoning              3
   e - Summon Lightning Spire         Summoning/Air                4
   f - Summon Ice Beast               Ice/Summoning                4
Comestibles
 m - 4 meat rations


   Skills:
 - Level 4.8 Fighting
 + Level 9.6 Staves
 - Level 2.0 Throwing
 - Level 7.3 Dodging
 + Level 4.9 Stealth


You had 8 spell levels left.
You didn't know any spells.

Dungeon Overview and Level Annotations

Branches:
Dungeon (7/15)             Temple (1/1) D:4

Altars:
Ashenzari
Cheibriados
Dithmenos
Elyvilon
Fedhas
Gozag
Hepliaklqana
Kikubaaqudgha
Makhleb
Nemelex Xobeh
Okawaru
Qazlal
Ru
Sif Muna
Uskayaw
Vehumet
Xom
Yredelemnul
Zin
The Shining One

Shops:
D:4 %(=*!

Annotations:
D:6 Salad's ghost, novice OgBe


Innate Abilities, Weirdness & Mutations

You cannot wear most types of armour.
You are very stealthy in the water. (Stealth+)
You are amphibious.
You can wear up to eight rings at the same time.
You can use your tentacles to constrict eight enemies at once.
Your skin changes colour to match your surroundings (Stealth+).
Your rubbery body absorbs attacks. (AC +1, EV +1)


Message History

The wraith hits you! The wraith drains your vigour!
You feel as though you will be slow longer.
The wraith hits you!
* * * LOW HITPOINT WARNING * * *
Unknown command.
The wraith barely misses you.
You feel better. The wraith hits you!
* * * LOW HITPOINT WARNING * * *
The wraith drains your vigour!
You feel as though you will be slow longer.
The wraith closely misses you.
It was a potion of might.
You feel very mighty all of a sudden. The wraith barely misses you.
The wraith hits you!
* * * LOW HITPOINT WARNING * * *
The wraith drains your vigour!
You feel as though you will be slow longer.
The wraith hits you!
You die...
Your body crumbles into a pile of gold.

.## ### .# .### .).#####
.......#
......###############
......8##.#.#.#_#.#.#
......###'#'#'#'#'#'#
.......'.......W@...#
##.######'#'#'#'#'#'#
#....# #.#.#.#.#.#.###
..##.################.#
####..<.....###.......#####
.............<.............
......#.######...#.......
####..#.# #..## ..[. ##.#(#
#...###.#######


You could see a wraith.

Vanquished Creatures
  A wraith (D:7)
  Duvessa (D:5)
  A water moccasin (D:6)
  2 orc warriors (D:7)
  A sky beast (D:6)
  A necrophage (D:7)
  A centaur (D:7)
  A wyvern zombie (D:5)
  Dowan (D:5)
  5 scorpions
  A centaur zombie (D:7)
  4 hounds
  2 bullfrog zombies (D:5)
  A quasit (D:6)
  4 human zombies (D:7)
  2 jellies
  Crazy Yiuf (D:3)
  2 orc priests
  A centaur skeleton (D:7)
  A bullfrog skeleton (D:5)
  2 human skeletons (D:7)
  2 iguanas
  Ijyb (D:5)
  9 orc wizards
  8 worker ants
  A hound skeleton (D:4)
  2 mummies (D:7)
  12 adders
  2 worms
  3 dart slugs
  A leopard gecko (D:3)
  29 orcs
  2 bats
  3 giant cockroaches
  8 goblins
  7 hobgoblins
  14 jackals
  6 kobolds
  3 quokkas
  3 ball pythons
  3 frilled lizards
  An orc zombie (D:7)
  5 rats
161 creatures vanquished.

Vanquished Creatures (others)
  A fungus (D:3)
1 creature vanquished.

Grand Total: 162 creatures vanquished

Notes
Turn   | Place    | Note
-------+----------+-------------------------------------------
     0 | D:1      | egogrande the Octopode Gladiator began the quest for the Orb.
     0 | D:1      | Reached XP level 1. HP: 14/14 MP: 1/1
   131 | D:1      | Reached XP level 2. HP: 13/19 MP: 2/2
   899 | D:1      | Reached XP level 3. HP: 16/24 MP: 3/3
   904 | D:1      | Reached skill level 4 in Staves
  2159 | D:2      | Reached XP level 4. HP: 29/29 MP: 4/4
  2323 | D:2      | Found a stormy altar of Qazlal.
  2323 | D:2      | Found a basalt altar of Yredelemnul.
  2868 | D:3      | Found a shimmering altar of Xom.
  2869 | D:3      | Found a hazy altar of Hepliaklqana.
  2869 | D:3      | Noticed a tentacled monstrosity
  2870 | D:3      | Noticed a spectral ugly thing
  2870 | D:3      | Noticed a tentacled monstrosity
  3322 | D:3      | Reached XP level 5. HP: 31/34 MP: 5/5
  3489 | D:3      | Found a runed door.
  3775 | D:3      | Noticed Crazy Yiuf
  3783 | D:3      | Killed Crazy Yiuf
  3783 | D:3      | Reached skill level 5 in Staves
  3849 | D:4      | Reached XP level 6. HP: 36/39 MP: 6/6
  3850 | D:4      | Found Cieze's Jewellery Boutique.
  3854 | D:4      | Reached skill level 5 in Dodging
  3869 | D:4      | Found Sygiaz's Distillery.
  3871 | D:4      | Found Bopy Faapn's Assorted Antiques.
  3909 | D:4      | Found Luor's Antique Weapon Emporium.
  3933 | D:4      | Found Tyahuwas's Food Shoppe.
  4230 | D:4      | Found a staircase to the Ecumenical Temple.
  4247 | Temple   | Entered the Ecumenical Temple
  4434 | Temple   | Became a worshipper of Gozag Ym Sagoz the Greedy
  4553 | D:4      | Reached skill level 6 in Staves
  4636 | D:5      | Entered Level 5 of the Dungeon
  4663 | D:5      | Reached XP level 7. HP: 45/45 MP: 7/7
  4844 | D:5      | Noticed Duvessa
  5110 | D:4      | Bought a potion of heal wounds for 60 gold pieces
  5110 | D:4      | Bought a potion of curing for 36 gold pieces
  5290 | D:5      | Noticed Ijyb
  5299 | D:5      | Killed Ijyb
  5469 | D:5      | Reached skill level 7 in Staves
  5469 | D:5      | Reached XP level 8. HP: 49/50 MP: 8/8
  5579 | D:5      | Killed Duvessa
  5748 | D:5      | Noticed Dowan
  5772 | D:5      | Killed Dowan
  5847 | D:5      | Found a hide-covered altar of Uskayaw.
  6343 | D:6      | Reached skill level 8 in Staves
  6599 | D:6      | Noticed Salad's ghost (novice OgBe)
  7286 | D:4      | Bought the ring of Free Will {rN+ Slay+2} for 460 gold pieces
  7521 | D:7      | Reached XP level 9. HP: 52/58 MP: 9/9
  7661 | D:7      | Reached skill level 9 in Staves
  7664 | D:7      | Reached skill level 1 in Stealth
  8155 | D:7      | Found a basalt altar of Yredelemnul.
  8192 | D:7      | Slain by a wraith

Skill      XL: |  1  2  3  4  5  6  7  8  9 |
---------------+----------------------------+-----
Staves         | 4 5 6 7 8 9 |  9.6
Dodging        | 4 5 6 7 |  7.3
Fighting       | 4 |  4.8
Stealth        | 4 |  4.9
Throwing       | |  2.0

Action                   |  1- 3 |  4- 6 |  7- 9 || total
-------------------------+-------+-------+-------++-------
Melee: Quarterstaff      |    70 |    94 |   193 ||   357
       Constrict         |    16 |    25 |    44 ||    85
       Tentacles         |    10 |    25 |    50 ||    85
Throw: Throwing net      |       |     1 |     3 ||     4
  Use: Scroll            |     3 |     1 |     2 ||     6
       Potion            |       |       |     6 ||     6
 Stab: Sleeping          |     3 |     8 |    11 ||    22
       Held in net/web   |       |     1 |     1 ||     2
       Paralysed         |       |       |     5 ||     5
       Distracted        |       |       |     1 ||     1
  Eat: Chunk             |     4 |     7 |       ||    11
       Bread ration      |       |       |     3 ||     3
Armor: Skin              |     1 |     4 |    11 ||    16
Dodge: Dodged            |    44 |    54 |   108 ||   206
